 Dungeon Crawl Stone Soup version 0.30-a0-365-ge7f957f1db (webtiles) character file.

Game seed: 10953175644562081656

44 Manisia the Caller (level 3, 0/19 HPs)
             Began as a Tengu Summoner on Nov 16, 2022.
             Blown up by Ijyb (19 damage)
             ... with a mindburst bolt
             ... on level 2 of the Dungeon.
             The game lasted 00:04:00 (1248 turns).

Manisia the Caller (Tengu Summoner)                 Turns: 1248, Time: 00:04:00

Health: 0/19       AC:  3    Str: 10    XL:     3   Next: 62%
Magic:  4/8        EV: 12    Int: 15    God:
Gold:   121        SH:  0    Dex: 14    Spells: 3/7 levels left

rFire   . . .      SeeInvis .    b - +0 spear
rCold   . . .      Faith    .    (no shield)
rNeg    . . .      Spirit   .    a - +0 robe
rPois   .          Reflect  .    (helmet restricted)
rElec   .          Harm     .    d - +0 cloak
rCorr   .          Rampage  .    (no gloves)
Will    .....                    (boots unavailable)
Stlth   ++........               (no amulet)
HPRegen 0.23/turn                (no ring)
MPRegen 0.11/turn                (no ring)

@: no status effects
A: beak, talons 3
a: no special abilities


You were on level 2 of the Dungeon.
You visited 1 branch of the dungeon, and saw 2 of its levels.

You collected 121 gold pieces.

Inventory:

Hand Weapons
 b - a +0 spear (weapon)
Missiles
 g - a throwing net
 m - 4 poisoned darts
Armour
 a - a +0 robe (worn)
 d - a +0 cloak (worn)
Scrolls
 c - a scroll of vulnerability
 f - a scroll of noise
 j - 2 scrolls of teleportation {unknown}
 l - a scroll of magic mapping {unknown}
 o - a scroll of identify
Potions
 e - a potion of brilliance
 h - a potion of cancellation
 i - a potion of resistance {unknown}
 k - a potion of might {unknown}
 n - a potion of haste {unknown}


   Skills:
 + Level 0.2 Fighting
 + Level 0.1 Polearms
 + Level 2.5 Dodging
 - Level 2.0 Stealth
 + Level 2.6 Spellcasting
 + Level 5.5 Summonings


You had 3 spell levels left.
You knew the following spells:

 Your Spells              Type           Power      Damage    Failure   Level
a - Summon Small Mammal   Summ           72%        N/A       1%          1
b - Call Imp              Summ           18%        N/A       3%          2
m - Magic Dart            Conj           8%         1d3       21%         1

Your spell library contained the following spells:

 Spells                   Type           Power      Damage    Failure   Level
 Call Canine Familiar     Summ           18%        N/A       6%          3
 Slow                     Hex            8%         N/A       21%         1
 Summon Guardian Golem    Hex/Summ       10%        N/A       21%         3
 Confusing Touch          Hex            2%         N/A       52%         3
 Mephitic Cloud           Conj/Pois/Air  2%         N/A       52%         3
 Vampiric Draining        Necr           2%         2d6       52%         3
 Summon Lightning Spire   Summ/Air       10%        N/A       54%         4


Dungeon Overview and Level Annotations

Branches:
Dungeon (2/15)

Altars:
Yredelemnul

Shops:
D:1 ?([

Annotations:
D:2 Ijyb


Innate Abilities, Weirdness & Mutations

You have a beak for a mouth.
You have claws for feet.


Message History

The goblin dies!
Your quokka barely misses the goblin.
The goblin misses your white imp.
The goblin hits your quokka with a +0 club.
Your white imp barely misses the goblin.
Your quokka misses the goblin.
You could not reach far enough!
Your quokka bites the goblin.
The goblin hits your white imp with a +0 dagger.
Your white imp hits the goblin.
The goblin dies!
Your quokka bites the goblin.
The goblin dies!
The goblin completely misses your white imp.
Your quokka bites Ijyb but does no damage.
You reach to attack!
You barely miss Ijyb. Your quokka misses the goblin.
The goblin hits your white imp with a +0 club.
Your white imp hits Ijyb.
Your white imp freezes Ijyb.
Ijyb barely misses your white imp.
Your quokka closely misses Ijyb.
Unknown command.
You reach to attack!
You hit Ijyb but do no damage.
Ijyb is lightly wounded.
Your quokka barely misses the goblin.
Your quokka bites Ijyb.
Your white imp hits Ijyb but does no damage.
Ijyb zaps a wand.
Your white imp's mind is blasted.
The goblin hits your white imp with a +0 club.
Your white imp dies!
Your white imp disappears in a puff of smoke!
Your quokka closely misses the goblin.
You closely miss the goblin. Your kick misses the goblin.
Your quokka closely misses Ijyb.
The goblin hits your quokka with a +0 club.
Your quokka barely misses the goblin.
Your quokka closely misses the goblin.
Unknown command.
The goblin barely misses your quokka.
The goblin completely misses your quokka.
Your quokka bites the goblin.
The goblin dies!
Your quokka barely misses the goblin.
The goblin closely misses your quokka.
Ijyb zaps a wand.
Your mind is blasted!
Ouch! That really hurt!
You die...

.........##.#....................
>..............###..>.###....†...
..............## ...# #........
.............###..# ... ###......
.................# .. #......
.............##### . .........
#######..........#########.....†)
#....(..#.#.8)8.8.8 ###....)
#.......#..@gg..... #......
#.......##..rr..$.. #......
##.(...###...)..... #......
##...## #...)..... #...... #####
#......... ... #..8.8.8.8 ..
########## .


You could see Ijyb, a goblin (ally target) and 2 friendly quokkas.

Vanquished Creatures
  A ball python (D:2)
  A goblin (D:2)
  A hobgoblin (D:2)
  A jackal (D:1)
  A bat (D:1)
  2 kobolds (D:2)
  A rat (D:2)
8 creatures vanquished.

Vanquished Creatures (collateral kills)
  An adder (D:2)
  A worm (D:2)
  3 ball pythons (D:1)
  2 endoplasms (D:1)
  5 goblins (D:2)
  2 hobgoblins (D:1)
  A kobold (D:1)
  A quokka (D:1)
  2 bats
  A frilled lizard (D:2)
  4 rats (D:1)
23 creatures vanquished.

Grand Total: 31 creatures vanquished

Notes
Turn   | Place    | Note
-------+----------+-------------------------------------------
     0 | D:1      | Manisia the Tengu Summoner began the quest for the Orb.
     0 | D:1      | Reached XP level 1. HP: 10/10 MP: 4/4
    30 | D:1      | Found Wautzer's Armour Emporium.
    62 | D:1      | Found Meck's Antique Weapon Boutique.
   189 | D:1      | Reached skill level 5 in Summonings
   349 | D:1      | Reached XP level 2. HP: 15/15 MP: 3/6
   387 | D:1      | Found Cibian's Magic Scroll Emporium.
   616 | D:1      | Learned a level 2 spell: Call Imp
   619 | D:1      | Learned a level 1 spell: Magic Dart
   935 | D:2      | Found a basalt altar of Yredelemnul.
   968 | D:2      | Reached XP level 3. HP: 15/19 MP: 2/7
  1237 | D:2      | Noticed Ijyb
  1248 | D:2      | Blown up by Ijyb

Illustrated notes

Levels and vault maps discovered:
D:1:      tarquinn_simple_flora_water_b, layout_rooms, serial_shops,
          nicolae_shop_statue_plus, shop, nicolae_square_shop,
          solitary_fountain, minivault_25, minmay_tromino_v4_a
D:2:      kennysheep_the_goblin_king, layout_rooms, basic_altar,
          hellmonk_ecumenical_altar_zigzags, minivault_24, uniq_sigmund

Skill      XL: |  1 |
---------------+----+-----
Summonings     | 5 |  5.5
Fighting       | |  0.2
Polearms       | |  0.1
Dodging        | |  2.5
Stealth        | |  2.0
Spellcasting   | |  2.6

Action                   || total
-------------------------++-------
Melee: Unarmed           ||    14
       Kick              ||     7
       Peck              ||     4
       Spear             ||    27
 Cast: Summon Small Mamm ||    45
       Call Imp          ||     5
  Use: Scroll            ||     5
       Potion            ||     1
 Stab: Sleeping          ||     1
Armor: Robe              ||    29
Dodge: Dodged            ||    64

Table legend: (Time is in decaauts)
 A = Elapsed time spent in this place.
 B = Non-inter-level travel time spent in this place.
 C = Inter-level travel time spent in this place.
 D = Time resting spent in this place.
 E = Time spent auto-exploring this place.
 F = Levels seen in this place.
 G = Mean time per level.
                   A        B        C        D        E       F      G
               +--------+--------+--------+--------+--------+-----+--------+
         Total |   1250 |   1234 |     16 |     25 |    881 |   2 |  625.0 |
       Dungeon |   1250 |   1234 |     16 |     25 |    881 |   2 |  625.0 |
               +--------+--------+--------+--------+--------+-----+--------+

Top non-repeatable levels by time:
     D:1: 896 daAuts
     D:2: 354 daAuts
